Map: Dusk Towers

Players

Ragnar

  • Race: Zerg Zerg
  • League: Platinum

LindyHop - Winner!

  • Race: Zerg Zerg
  • League: Platinum

VOD

Have the link to the VOD?

Description

Time

  • Played on: Jan. 6, 2016, 8:40 p.m.
  • Length: 12:11
Show
View Real Time Build Order
Export as new Build Order

Ragnar Zerg 

Build Orders: Pool First 

Get SALT Encoding   

  12  0:00  Drone  
  13  0:22  Spawning Pool  
  13  0:26  Drone  
  13  0:30  Extractor  
  13  0:31  Drone  
  13  0:36  Drone  
  14  0:45  Overlord  
  14  1:09  Queen, Zergling x4  
  18  1:12  Zergling x2  
  19  1:20  Zergling x2  
  20  1:34  Metabolic Boost  
  20  1:36  Zergling x2  
  21  1:42  Zergling x2  
  22  1:52  Overlord  
  22  2:15  Zergling x4  
  24  2:20  Zergling x2  
  24  2:22  Hatchery  
  24  2:25  Zergling x2  
  24  2:27  Zergling x2  
  26  2:31  Zergling x2  
  27  2:43  Zergling x2  
  28  2:53  Zergling x4  
  27  2:59  Zergling x4  
  29  3:08  Zergling x2  
  20  3:35  Zergling x10  
  20  3:40  Drone  
  26  3:45  Drone x2  
  28  3:53  Drone  
  28  3:54  Roach Warren  
  28  3:55  Drone  
  29  4:03  Drone  
  29  4:07  Overlord  
  30  4:13  Drone  
  30  4:15  Drone  
  32  4:18  Drone  
  33  4:32  Overlord  
  33  4:36  Roach x2  
  37  4:39  Roach  
  41  4:45  Roach  
  41  4:47  Roach  
  41  4:51  Roach  
  45  4:55  Roach  
  45  4:59  Roach  
  49  5:05  Roach  
  51  5:14  Overlord  
  51  5:15  Overlord  
  51  5:30  Lair  
  51  5:32  Drone x2  
  51  5:33  Drone  
  55  5:35  Drone  
  55  5:38  Drone  
  55  5:41  Drone  
  57  5:49  Drone x3  
  60  5:52  Drone  
  61  5:58  Queen  
  63  6:18  Ravager x2  
  65  6:22  Overlord  
  65  6:25  Hatchery  
  64  6:26  Overlord x2  
  64  6:30  Overlord  
  64  6:34  Overlord  
  64  6:38  Drone  
  64  6:39  Drone  
  66  6:55  Drone  
  66  6:56  Drone x8  
  75  7:02  Hydralisk Den  
  74  7:11  Drone x2  
  76  7:25  Spore Crawler, Drone x2  
  76  7:26  Drone x3  
  76  7:28  Extractor  
  76  7:29  Extractor  
  78  7:32  Spore Crawler x2  
  78  7:36  Overseer  
  76  7:38  Queen  
  76  7:39  Drone  
  76  7:41  Drone  
  76  7:42  Drone x4  
  84  7:49  Drone x3  
  84  7:50  Glial Reconstitution  
  87  7:54  Drone  
  87  7:56  Extractor  
  87  8:08  Hydralisk  
  87  8:12  Overlord  
  89  8:13  Hydralisk  
  91  8:22  Hydralisk  
  93  8:27  Spore Crawler x2  
  93  8:32  Hydralisk, Roach  
  95  8:38  Hydralisk  
  95  8:46  Hydralisk  
  93  9:00  Hydralisk x3  
  99  9:06  Hydralisk  
  101  9:10  Drone  
  101  9:11  Drone x11  
  113  9:29  Spore Crawler  
  112  9:31  Spore Crawler  
  112  9:35  Drone  
  112  9:36  Drone  
  113  9:46  Overlord x5  
  113  9:47  Overlord x3  
  113  9:51  Infestation Pit  
  112  9:55  Evolution Chamber, Muscular Augments  
  112  9:57  Evolution Chamber  
  110  10:01  Drone x3  
  110  10:03  Spore Crawler  
  112  10:12  Hydralisk x8, Extractor x2  
  126  10:27  Hydralisk  
  126  10:28  Hydralisk x2  
  129  10:30  Roach  
  129  10:31  Roach  
  133  10:49  Hydralisk  
  135  10:50  Hydralisk x4  
  135  10:54  Drone x10  
  153  11:09  Hydralisk  
  153  11:10  Hydralisk x3  
  116  11:21  Hydralisk x2  
  116  11:22  Spine Crawler, Hydralisk x2  
  116  11:23  Spore Crawler, Spine Crawler x2  
  120  11:28  Overlord x2  
  120  11:29  Overlord  
  120  11:33  Drone x7  
  120  11:34  Drone x2  
  129  11:43  Roach  
  129  11:45  Roach x2  
Show
View Real Time Build Order
Export as new Build Order

LindyHop Zerg - Winner!

Build Orders: Hatch First, Muta Ling Bane 

Get SALT Encoding   

  12  0:01  Drone  
  13  0:12  Overlord  
  13  0:17  Drone  
  14  0:30  Drone x2  
  14  0:34  Drone  
  17  0:56  Hatchery  
  16  0:59  Drone  
  17  1:11  Spawning Pool  
  17  1:13  Drone  
  17  1:18  Drone  
  18  1:21  Extractor  
  18  1:22  Drone  
  18  1:27  Drone  
  19  1:43  Overlord  
  19  1:50  Drone  
  20  1:59  Queen  
  22  2:02  Spine Crawler  
  21  2:14  Zergling x6  
  21  2:15  Baneling Nest  
  23  2:20  Zergling x2  
  24  2:25  Zergling x2  
  25  2:30  Zergling x2  
  26  2:39  Zergling x2  
  27  2:47  Zergling x2  
  27  2:48  Zergling x2  
  24  2:59  Baneling x2  
  24  3:01  Zergling x2  
  24  3:02  Zergling x2  
  24  3:03  Zergling x2  
  27  3:09  Zergling x8  
  27  3:12  Zergling x2  
  32  3:26  Overlord  
  30  3:33  Metabolic Boost  
  29  3:48  Baneling x2  
  29  3:50  Hatchery  
  29  4:02  Drone  
  29  4:03  Drone x2  
  31  4:12  Drone x3  
  34  4:20  Drone x2  
  36  4:25  Drone  
  37  4:33  Overlord  
  37  4:37  Extractor  
  36  4:48  Roach Warren  
  35  4:58  Drone x3  
  38  5:02  Drone  
  38  5:03  Drone  
  38  5:05  Extractor  
  38  5:06  Extractor  
  38  5:09  Queen  
  40  5:22  Lair  
  40  5:25  Drone x3  
  43  5:32  Drone x3  
  46  5:42  Drone x2  
  48  5:46  Drone  
  48  5:49  Drone  
  50  5:55  Overlord  
  50  5:56  Overlord  
  50  6:01  Overlord  
  50  6:24  Drone x3, Spire  
  50  6:25  Drone x2  
  54  6:36  Overlord x2  
  54  6:49  Drone x3  
  57  6:57  Hatchery  
  56  7:01  Queen  
  58  7:08  Baneling  
  58  7:36  Mutalisk, Zerg Flyer Weapons Level 1  
  58  7:37  Mutalisk x10  
  80  7:49  Centrifical Hooks  
  80  8:08  Roach x2  
  80  8:09  Roach x5  
  94  8:14  Mutalisk  
  94  8:16  Overlord x2  
  96  8:24  Hydralisk Den  
  95  8:37  Evolution Chamber  
  95  8:40  Mutalisk  
  95  8:41  Mutalisk  
  96  8:42  Roach  
  96  8:43  Zergling x2  
  101  8:49  Roach  
  101  9:04  Zergling x4  
  101  9:05  Zergling x6  
  101  9:06  Mutalisk x2  
  101  9:07  Zergling x2  
  101  9:08  Zergling x4  
  113  9:17  Overlord x2  
  113  9:18  Overlord x2  
  113  9:24  Overlord x3  
  109  9:38  Roach  
  109  9:39  Roach x3  
  109  9:42  Roach x2  
  121  9:56  Mutalisk x4  
  130  10:00  Zergling x4  
  130  10:01  Zergling x2  
  130  10:02  Zergling x2  
  130  10:06  Glial Reconstitution  
  133  10:12  Drone  
  133  10:13  Drone x2  
  136  10:17  Roach  
  137  10:27  Roach  
  137  10:28  Drone x2  
  138  10:30  Burrow  
  136  10:35  Baneling  
  136  10:36  Baneling x2  
  136  10:38  Baneling x5  
  136  10:39  Zergling x2  
  136  10:40  Zergling x10  
  142  10:46  Drone, Roach x2  
  142  10:47  Drone  
  148  10:54  Roach  
  148  10:55  Roach  
  152  11:08  Roach  
  132  11:15  Zergling x2  
  132  11:16  Zergling x14  
  134  11:23  Zergling x8  
  138  11:27  Baneling x3  
  138  11:28  Zergling x2, Baneling x9  
  138  11:29  Zergling x2  
  140  11:36  Extractor, Zergling x4  
  140  11:37  Extractor  
  140  11:40  Zergling x4  
  140  11:46  Mutalisk  
  142  11:48  Zergling x2  
  142  11:49  Zergling x2  
Tags
 
Add a new tag
Caveats
  • Supply blocks, unpowered buildings, or Contaminate may cause inaccurate times.
  • Supply counts are checked every 10 seconds.